 Dungeon Crawl Stone Soup version 0.24.0-1-gfbc8707 (webtiles) character file.

Game seed: 5245119813227668741, levelgen mode: deterministic

77378 Buxparty the Nimble (level 15, -4/93 HPs)
             Began as a Gnoll Gladiator on Jan 10, 2020.
             Was a High Priest of Qazlal.
             Slain by an earth elemental (19 damage)
             ... summoned by a deep elf elementalist
             ... on level 2 of the Abyss.
             The game lasted 01:28:11 (21692 turns).

Buxparty the Nimble (Gnoll Gladiator)              Turns: 21692, Time: 01:28:11

Health: -4/93      AC: 22    Str: 23      XL:     15   Next: 56%
Magic:  0/23       EV: 12    Int:  6      God:    Qazlal [*****.]
Gold:   1534       SH:  7    Dex: 12 (13) Spells: 33/33 levels left

rFire    + + .     SeeInvis +   a - +6 spear (venom)
rCold    + . .     Gourm    .   (no shield)
rNeg     . . .     Faith    .   r - +3 plate armour {rF+}
rPois    +         Spirit   +   K - +2 helmet of Discretion {rElec}
rElec    +         Reflect  .   E - +0 cloak
rCorr    +         Harm     .   D - +0 pair of gloves
MR       +....                  Q - +0 pair of boots
Stlth    ..........             B - amulet of guardian spirit
HPRegen  0.00/turn              s - ring of see invisible
MPRegen  0.18/turn              X - ring of resist corrosion

@: about to teleport, resistant, protected from physical damage, hasted, lightly
drained, repel missiles, very quick
A: distributed training, fangs 1, [blurry vision 3], [clumsy 2], [deformed
body], [deterioration 2], [dopey 2], [frail 2], [low mp 2], [screaming 2],
[inhibited regeneration], strong nose
a: Upheaval, Elemental Force, Disaster Area, Renounce Religion


You were on level 2 of the Abyss.
You worshipped Qazlal.
Qazlal was extremely pleased with you.
You were full.

You visited 4 branches of the dungeon, and saw 21 of its levels.
You visited the Abyss 2 times.
You also visited: Volcano.

You collected 1534 gold pieces.

Inventory:

Hand Weapons
 a - a +6 spear of venom (weapon)
 b - a +3 shortbow of flaming
 N - a +2 hunting sling of flaming
Missiles
 d - 4 throwing nets
 q - 61 poisoned darts
 t - 123 sling bullets
 L - 15 curare-tipped darts (quivered)
 O - 171 arrows
 V - 4 silver javelins
Armour
 r - a +3 plate armour of fire resistance (worn)
 D - a +0 pair of gloves (worn)
 E - a +0 cloak (worn)
 K - the +2 helmet of Discretion (worn) {rElec}
   (You found it on level 5 of the Dungeon)

   It insulates you from electricity.
 Q - a +0 pair of boots (worn)
Jewellery
 s - a ring of see invisible (left hand)
 B - an amulet of guardian spirit (around neck)
 I - an uncursed ring of flight
 X - a ring of resist corrosion (right hand)
Wands
 c - a wand of clouds (9)
 p - a wand of paralysis (18)
 z - a wand of iceblast (9)
 F - a wand of flame (67)
 J - a wand of enslavement (20)
 P - a wand of acid (17)
 U - a wand of polymorph (16)
 Z - a wand of random effects (51)
Scrolls
 l - 4 scrolls of teleportation
 u - a scroll of magic mapping
 x - 2 scrolls of amnesia
 A - 4 scrolls of remove curse
 H - 14 scrolls of identify
 Y - a scroll of fog
Potions
 e - 6 potions of curing
 g - 2 potions of berserk rage {unknown}
 i - a potion of agility
 k - 4 potions of brilliance
 m - 3 potions of haste
 o - 5 potions of mutation
 w - 2 potions of resistance
 R - 2 potions of ambrosia {unknown}
 W - a potion of cancellation {unknown}
Comestibles
 f - 18 rations


   Skills:
 + Level 10.7(10.1) Fighting
 + Level 9.8(9.2) Short Blades
 + Level 9.8(9.2) Long Blades
 + Level 9.8(9.2) Axes
 + Level 9.8(9.2) Maces & Flails
 + Level 11.6(11.0) Polearms
 + Level 9.8(9.2) Staves
 + Level 9.8(9.2) Slings
 + Level 9.8(9.2) Bows
 + Level 9.8(9.2) Crossbows
 + Level 10.7(10.1) Throwing
 + Level 9.8(9.2) Armour
 + Level 11.6(11.0) Dodging
 + Level 9.8(9.2) Stealth
 + Level 9.8(9.2) Shields
 + Level 9.8(9.2) Unarmed Combat
 + Level 9.8(9.2) Spellcasting
 + Level 8.2(7.7) Conjurations
 + Level 8.2(7.7) Hexes
 + Level 8.2(7.7) Charms
 + Level 8.2(7.7) Summonings
 + Level 8.2(7.7) Necromancy
 + Level 8.2(7.7) Translocations
 + Level 8.2(7.7) Transmutations
 + Level 8.2(7.7) Fire Magic
 + Level 8.2(7.7) Ice Magic
 + Level 8.2(7.7) Air Magic
 + Level 8.2(7.7) Earth Magic
 + Level 8.2(7.7) Poison Magic
 + Level 10.6(10.0) Invocations
 + Level 9.8(9.2) Evocations


You had 33 spell levels left.
You didn't know any spells.
Your spell library contained the following spells:

 Spells                   Type           Power        Failure   Level  Hunger
 Magic Dart               Conj           ##..         11%         1    None
 Blink                    Tloc           N/A          16%         2    ##.....
 Call Imp                 Summ           ##......     16%         2    ##.....
 Shroud of Golubria       Chrm/Tloc      ##....       16%         2    ##.....
 Slow                     Hex            ##......     16%         2    ##.....
 Conjure Flame            Conj/Fire      ##......     32%         3    ###....
 Gell's Gravitas          Tloc           ##........   32%         3    ###....
 Lesser Beckoning         Tloc           ##........   32%         3    ###....
 Mephitic Cloud           Conj/Pois/Air  ##......     32%         3    ###....
 Teleport Other           Tloc           ##......     32%         3    ###....
 Passage of Golubria      Tloc           N/A          71%         4    ####...


Dungeon Overview and Level Annotations

Branches:
Dungeon (13/15)            Temple (1/1) D:4            Lair (6/6) D:11
 Shoals (0/4) Lair:2        Snake (1/4) Lair:2        Slime (0/5) Lair:6
    Orc (0/2) D:12        Volcano (visited)
 Vaults: D:13-14

Altars:
Ashenzari
Cheibriados
Dithmenos
Elyvilon
Fedhas
Gozag
Hepliaklqana
Kikubaaqudgha
Makhleb
Nemelex Xobeh
Okawaru
Qazlal
Ru
Sif Muna
Trog
Uskayaw
Vehumet
Wu Jian
Xom
Yredelemnul
Zin
The Shining One

Shops:
D:7 %:   D:8 [   D:13 :

Annotations:
D:12 Rupert
Lair:2 Louise


Innate Abilities, Weirdness & Mutations

Your experience applies equally to all skills.
You have very sharp teeth.
Your uncanny sense of smell can sniff out nearby items.
[Scrolls take you much longer to read.]
[You are very clumsy. (Dex -4)]
[Armour fits poorly on your strangely shaped body.]
[Your body often deteriorates upon taking damage.]
[You are very dopey. (Int -4)]
[You are very frail. (-20% HP)]
[Your magical capacity is very low. (-20% MP)]
[You sometimes yell uncontrollably at your foes.]
[You do not regenerate when monsters are visible.]


Message History

The earth elemental disappears in a puff of smoke! x2
The starcursed mass engulfs you but does no damage.
The deep elf elementalist casts a spell at the starcursed mass.
Some walls begin to move on their own!
A tentacled starspawn comes into view.
A starcursed mass splits. x2
You hear a chilling moan.
You feel better.
The earth elemental disappears in a puff of smoke!
The starcursed mass engulfs you but does no damage.
The starcursed mass engulfs you.
Your resistance to electricity fades away.
You feel protected from physical attacks.
The starcursed mass closely misses you.
A starcursed mass splits.
You puncture the starcursed mass!
You destroy the starcursed mass!
Qazlal accepts your kill.
Tentacles burst from the starspawn's body!
The earth elemental hits you!!
You die...

## #.. .. . ...
##.##..)....#.)
.
#...#......#...#
. ..!.5h....#.
#hEh.........#
...
##hX.XX.§##..# .
##§#XXX..# .. .


#EEXXeh..# .. . #X@XE#.. # .. #X#XXh# .X.# #E XXXXE.. ?. .. #.XE.E...... #.
#.w.w...... #. ###X...... # ##..... ..... You could see 17 starcursed masses, a
tentacled starspawn, a deep elf elementalist, a large abomination, 8 earth
elementals, 2 raiju, 4 hell hounds and 2 starspawn tentacles.

Vanquished Creatures
  Gastronok (D:8)
  An ophan (Abyss:2)
  A red draconian (Volcano)
  A dire elephant (Lair:6)
  An ogre mage (Volcano)
  A quicksilver dragon skeleton (Abyss:2)
  4 hydras
  A naga warrior (Lair:2)
  3 catoblepae (Lair:6)
  4 two-headed ogres
  9 death yaks
  Sonja (Lair:5)
  An unseen horror (D:11)
  A mana viper (Lair:2)
  A lindwurm (Lair:6)
  A deep elf mage (D:12)
  A cyclops (D:11)
  4 manticores
  7 black mambas
  A merfolk siren (Lair:2)
  6 elephants
  6 spiny frogs
  Joseph (D:9)
  2 large abominations (Abyss:2)
  4 komodo dragons
  3 rime drakes
  A hellwing (Abyss:2)
  3 merfolk (Lair:2)
  A polar bear (Lair:4)
  A ghost moth simulacrum (Abyss:2)
  2 trolls
  22 blink frogs
  A raiju (Abyss:2)
  14 dream sheep
  11 hippogriffs
  Sigmund (D:6)
  A shadow (D:13)
  3 wyverns
  A wraith (D:12)
  30 yaks
  Eustachio (D:5)
  7 basilisks
  Grum (D:10)
  3 vampire mosquitoes (D:12)
  4 hungry ghosts
  15 water moccasins
  2 nagas (Lair:2)
  12 porcupines
  A black bear (D:10)
  4 orc warriors
  6 ice beasts
  4 sky beasts
  A necrophage (D:11)
  A phantom (D:4)
  9 ogres
  5 wolves
  7 crocodiles
  5 centaurs
  3 big kobolds
  17 bullfrogs
  A wyvern zombie (D:9)
  3 scorpions
  28 killer bees
  14 wights
  A howler monkey (D:5)
  An electric eel (Lair:3)
  3 centaur zombies
  A starcursed mass (Abyss:2)
  7 crimson imps
  2 bullfrog zombies
  A quasit (Abyss:2)
  5 hounds
  6 jellies
  10 orc priests
  14 orc wizards
  4 bullfrog skeletons
  6 worker ants
  5 iguanas
  5 hell rats (Lair:6)
  A killer bee zombie (D:9)
  A hound zombie (D:7)
  3 worker ant zombies
  A howler monkey zombie (D:5)
  5 adders
  2 shadow imps (D:6)
  9 oozes
  4 worms
  4 leopard geckos
  50 orcs
  3 bats
  A giant cockroach (D:4)
  2 goblins (D:4)
  7 hobgoblins
  4 jackals (D:6)
  10 quokkas
  A ball python (D:3)
  3 frilled lizards (D:2)
  22 kobolds
  A leopard gecko skeleton (D:5)
  A leopard gecko zombie (D:8)
  3 quokka skeletons
  7 rats
  A fungus (Lair:6)
530 creatures vanquished.

Vanquished Creatures (collateral kills)
  3 two-headed ogres (Volcano)
  A water moccasin (Lair:1)
  A porcupine (D:11)
  A crocodile (Lair:1)
6 creatures vanquished.

Vanquished Creatures (others)
  11 fungi
  10 plants
21 creatures vanquished.

Grand Total: 557 creatures vanquished

Notes
Turn   | Place    | Note
-------+----------+-------------------------------------------
     0 | D:1      | Buxparty the Gnoll Gladiator began the quest for the Orb.
     0 | D:1      | Reached XP level 1. HP: 20/20 MP: 1/1
   270 | D:1      | Reached XP level 2. HP: 26/26 MP: 2/2
  1674 | D:3      | Reached XP level 3. HP: 30/31 MP: 3/3
  2096 | D:4      | Reached skill level 1 in Invocations
  2138 | D:4      | Noticed a phantom
  2182 | D:4      | Killed a phantom
  2182 | D:4      | Reached skill level 1 in Short Blades
  2182 | D:4      | Reached skill level 1 in Long Blades
  2182 | D:4      | Reached skill level 1 in Axes
  2182 | D:4      | Reached skill level 1 in Maces & Flails
  2182 | D:4      | Reached skill level 1 in Staves
  2182 | D:4      | Reached skill level 1 in Slings
  2182 | D:4      | Reached skill level 1 in Bows
  2182 | D:4      | Reached skill level 1 in Crossbows
  2182 | D:4      | Reached skill level 1 in Armour
  2182 | D:4      | Reached skill level 1 in Stealth
  2182 | D:4      | Reached skill level 1 in Shields
  2182 | D:4      | Reached skill level 1 in Unarmed Combat
  2182 | D:4      | Reached skill level 1 in Spellcasting
  2182 | D:4      | Reached skill level 1 in Conjurations
  2182 | D:4      | Reached skill level 1 in Hexes
  2182 | D:4      | Reached skill level 1 in Charms
  2182 | D:4      | Reached skill level 1 in Summonings
  2182 | D:4      | Reached skill level 1 in Necromancy
  2182 | D:4      | Reached skill level 1 in Translocations
  2182 | D:4      | Reached skill level 1 in Transmutations
  2182 | D:4      | Reached skill level 1 in Fire Magic
  2182 | D:4      | Reached skill level 1 in Ice Magic
  2182 | D:4      | Reached skill level 1 in Air Magic
  2182 | D:4      | Reached skill level 1 in Earth Magic
  2182 | D:4      | Reached skill level 1 in Poison Magic
  2182 | D:4      | Reached skill level 1 in Evocations
  2182 | D:4      | Reached XP level 4. HP: 31/38 MP: 5/5
  2182 | D:4      | Reached XP level 5. HP: 36/43 MP: 6/6
  2579 | D:4      | Reached XP level 6. HP: 48/50 MP: 8/8
  2688 | D:4      | Reached skill level 5 in Fighting
  2688 | D:4      | Reached skill level 5 in Throwing
  2689 | D:4      | Found a staircase to the Ecumenical Temple.
  2699 | Temple   | Entered the Ecumenical Temple
  2951 | Temple   | Became a worshipper of Qazlal Stormbringer
  3344 | D:5      | Entered Level 5 of the Dungeon
  3408 | D:5      | Reached XP level 7. HP: 47/56 MP: 8/10
  3423 | D:5      | Noticed Eustachio
  3448 | D:5      | Killed Eustachio
  3566 | D:5      | Got a jewelled helmet
  3577 | D:5      | Identified the +2 helmet of Discretion {rElec} (You found
                  | it on level 5 of the Dungeon)
  3802 | D:5      | Reached XP level 8. HP: 58/63 MP: 10/12
  4208 | D:5      | Reached * piety under Qazlal
  4800 | D:6      | Noticed Sigmund
  4812 | D:6      | Killed Sigmund
  4812 | D:6      | Reached XP level 9. HP: 59/69 MP: 14/14
  5152 | D:7      | Found Wiet's Book Emporium.
  5199 | D:7      | Reached ** piety under Qazlal
  5355 | D:7      | Found a sacrificial altar of Ru.
  5356 | D:7      | Found Xueddai's Food Boutique.
  5369 | D:7      | Reached skill level 5 in Invocations
  5733 | D:8      | Reached XP level 10. HP: 70/77 MP: 15/17
  5759 | D:8      | Noticed Gastronok
  5782 | D:8      | HP: 2/77 [Gastronok (21)]
  5788 | D:8      | Killed Gastronok
  5788 | D:8      | Reached skill level 5 in Short Blades
  5788 | D:8      | Reached skill level 5 in Long Blades
  5788 | D:8      | Reached skill level 5 in Axes
  5788 | D:8      | Reached skill level 5 in Maces & Flails
  5788 | D:8      | Reached skill level 5 in Staves
  5788 | D:8      | Reached skill level 5 in Slings
  5788 | D:8      | Reached skill level 5 in Bows
  5788 | D:8      | Reached skill level 5 in Crossbows
  5788 | D:8      | Reached skill level 5 in Armour
  5788 | D:8      | Reached skill level 5 in Stealth
  5788 | D:8      | Reached skill level 5 in Shields
  5788 | D:8      | Reached skill level 5 in Unarmed Combat
  5788 | D:8      | Reached skill level 5 in Spellcasting
  5788 | D:8      | Reached skill level 5 in Evocations
  6126 | D:8      | Paralysed by an orc priest for 7 turns
  6193 | D:8      | Found Viucvic's Antique Armour Boutique.
  6237 | D:8      | Reached *** piety under Qazlal
  6520 | D:8      | Found a shimmering altar of Xom.
  6963 | D:9      | Noticed Joseph
  6982 | D:9      | Killed Joseph
  7031 | D:9      | Reached XP level 11. HP: 81/84 MP: 17/19
  7515 | D:9      | Found a hide-covered altar of Uskayaw.
  7580 | D:9      | Found a white marble altar of Elyvilon.
  7742 | D:9      | Reached skill level 5 in Conjurations
  7742 | D:9      | Reached skill level 5 in Hexes
  7742 | D:9      | Reached skill level 5 in Charms
  7742 | D:9      | Reached skill level 5 in Summonings
  7742 | D:9      | Reached skill level 5 in Necromancy
  7742 | D:9      | Reached skill level 5 in Translocations
  7742 | D:9      | Reached skill level 5 in Transmutations
  7742 | D:9      | Reached skill level 5 in Fire Magic
  7742 | D:9      | Reached skill level 5 in Ice Magic
  7742 | D:9      | Reached skill level 5 in Air Magic
  7742 | D:9      | Reached skill level 5 in Earth Magic
  7742 | D:9      | Reached skill level 5 in Poison Magic
  7768 | D:9      | Reached **** piety under Qazlal
  7970 | D:10     | Entered Level 10 of the Dungeon
  8403 | D:10     | Noticed Grum
  8461 | D:10     | Killed Grum
  8854 | D:11     | Noticed a cyclops
  8921 | D:11     | Noticed an unseen horror
  8932 | D:11     | Noticed a two-headed ogre
  9091 | D:11     | Killed a cyclops
  9142 | D:11     | Killed a two-headed ogre
  9189 | D:11     | Found a staircase to the Lair.
  9227 | D:11     | Killed an unseen horror
  9264 | D:11     | Reached XP level 12. HP: 61/93 MP: 17/22
 10185 | D:12     | Reached ***** piety under Qazlal
 10232 | D:12     | Found a staircase to the Orcish Mines.
 10246 | D:12     | Found a bloodstained altar of Trog.
 11090 | D:13     | Found Fiut's Book Emporium.
 11096 | D:13     | Noticed a vault guard
 11103 | D:13     | Noticed Rupert
 11539 | Lair:1   | Entered Level 1 of the Lair of Beasts
 11857 | Lair:1   | Gained mutation: Your spells are a little easier to cast,
                  | but a little less powerful. [potion of mutation]
 11857 | Lair:1   | Lost mutation: Your spells are a little easier to cast, but
                  | a little less powerful. [potion of mutation]
 11919 | Lair:1   | Reached skill level 10 in Polearms
 11919 | Lair:1   | Reached skill level 10 in Dodging
 11919 | Lair:1   | Reached XP level 13. HP: 98/101 MP: 24/24
 12066 | Lair:1   | Found a dark tunnel.
 12071 | Volcano  | Entered a volcano
 12086 | Volcano  | Noticed an ogre mage
 12140 | Volcano  | Noticed a red draconian
 12191 | Volcano  | Killed a red draconian
 12395 | Volcano  | Paralysed by an ogre mage for 2 turns
 12405 | Volcano  | Paralysed by an ogre mage for 7 turns
 12418 | Volcano  | Killed an ogre mage
 12480 | Volcano  | Found a radiant altar of Vehumet.
 12699 | Lair:1   | Reached XP level 14. HP: 80/108 MP: 22/26
 13376 | Lair:2   | Found a staircase to the Snake Pit.
 13496 | Lair:2   | Found a staircase to the Shoals.
 15483 | Lair:4   | Reached skill level 10 in Fighting
 15483 | Lair:4   | Reached skill level 10 in Throwing
 16483 | Lair:5   | Noticed Sonja
 16521 | Lair:4   | HP: 4/110 [spiny frog (7)]
 16798 | Lair:5   | Killed Sonja
 17594 | Lair:5   | Reached skill level 10 in Invocations
 17672 | Lair:4   | Reached XP level 15. HP: 11/116 MP: 4/28
 18483 | Lair:6   | Entered Level 6 of the Lair of Beasts
 19239 | Lair:6   | Found a staircase to the Slime Pits.
 19672 | Lair:6   | HP: 1/117 [dire elephant (18)]
 20584 | Snake:1  | Entered Level 1 of the Snake Pit
 20590 | Snake:1  | Noticed Louise
 20601 | Lair:2   | Reached ****** piety under Qazlal
 20871 | Lair:2   | Cast into level 2 of the Abyss (Louise)
 21138 | Abyss:2  | Found a corrupted altar of Lugonu.
 21169 | Lair:2   | Escaped the Abyss
 21602 | Lair:2   | Cast into level 2 of the Abyss (Louise)
 21624 | Abyss:2  | Noticed a deep elf elementalist
 21679 | Abyss:2  | Paralysed by accursed screaming for 2 turns
 21685 | Abyss:2  | Paralysed by accursed screaming for 2 turns
 21690 | Abyss:2  | Noticed a tentacled starspawn
 21692 | Abyss:2  | Slain by an earth elemental

Levels and vault maps discovered:
D:1:      dpeg_arrival_water_fire, layout_loops_ring
D:2:      layout_loops_cross
D:3:      layout_rooms
D:4:      corexii_shack_village, layout_cave_pods, minmay_temple_entry_mist,
          fountainhead
D:5:      layout_gridville, first_ration, uniq_eustachio
D:6:      layout_rooms, uniq_sigmund
D:7:      layout_rooms, serial_shops, shop, shop, basic_altar
D:8:      layout_rooms, basic_altar, serial_shops, shop,
          hangedman_little_slice_of_home, uniq_gastronok
D:9:      layout_roguey, lemuel_crystal_altar, basic_altar,
          kennysheep_generic_room_14, uniq_joseph
D:10:     layout_gridville, uniq_grum
D:11:     layout_cave_pools, minmay_lair_entry_grove, chequers_garden,
          grunt_ministairs_14
D:12:     layout_roguey, orc_0_dummy, basic_altar, minivault_1
D:13:     layout_cave_pools, erik_vaults_2, serial_shops, shop,
          evilmike_butchery, uniq_rupert
Temple:   compressed_dpeg_triangle_lava_temple
Lair:1:   layout_loops_ring, enter_volcano_4, serial_bayou_shore_b
Lair:2:   layout_cave_pods, elwin_shoals_entry_stream,
          guppyfry_snake_entry_island
Lair:3:   layout_misc_corridors, st_stairs_3, serial_bayou_shore_a
Lair:4:   layout_cave_pods, infiniplex_staircase_pool_2
Lair:5:   layout_roguey, infiniplex_staircase_pool, grunt_megastairs_5,
          lemuel_fruit_fields, lemuel_fruit_fields, uniq_sonja
Lair:6:   hangedman_lair_in_review, layout_regular_city,
          nicolae_slime_entry_slimehenge
Snake:1:  layout_gridlike, nicolae_snake_round_shape_thing, uniq_louise
Abyss:2:  bh_abyss_exit_spiral

Skill      XL: |  1  2  3  4  5  6  7  8  9 10 11 12 13 14 15 |
---------------+----------------------------------------------+-----
Invocations    | 1 2 3 4 5 6 7 8 9 10 | 10.6
Short Blades   | 1 2 3 4 5 6 7 8 9 |  9.8
Long Blades    | 1 2 3 4 5 6 7 8 9 |  9.8
Axes           | 1 2 3 4 5 6 7 8 9 |  9.8
Maces & Flails | 1 2 3 4 5 6 7 8 9 |  9.8
Staves         | 1 2 3 4 5 6 7 8 9 |  9.8
Slings         | 1 2 3 4 5 6 7 8 9 |  9.8
Bows           | 1 2 3 4 5 6 7 8 9 |  9.8
Crossbows      | 1 2 3 4 5 6 7 8 9 |  9.8
Armour         | 1 2 3 4 5 6 7 8 9 |  9.8
Stealth        | 1 2 3 4 5 6 7 8 9 |  9.8
Shields        | 1 2 3 4 5 6 7 8 9 |  9.8
Unarmed Combat | 1 2 3 4 5 6 7 8 9 |  9.8
Spellcasting   | 1 2 3 4 5 6 7 8 9 |  9.8
Conjurations   | 1 2 3 4 5 6 7 8 |  8.2
Hexes          | 1 2 3 4 5 6 7 8 |  8.2
Charms         | 1 2 3 4 5 6 7 8 |  8.2
Summonings     | 1 2 3 4 5 6 7 8 |  8.2
Necromancy     | 1 2 3 4 5 6 7 8 |  8.2
Translocations | 1 2 3 4 5 6 7 8 |  8.2
Transmutations | 1 2 3 4 5 6 7 8 |  8.2
Fire Magic     | 1 2 3 4 5 6 7 8 |  8.2
Ice Magic      | 1 2 3 4 5 6 7 8 |  8.2
Air Magic      | 1 2 3 4 5 6 7 8 |  8.2
Earth Magic    | 1 2 3 4 5 6 7 8 |  8.2
Poison Magic   | 1 2 3 4 5 6 7 8 |  8.2
Evocations     | 1 2 3 4 5 6 7 8 9 |  9.8
Fighting       | 5 6 7 8 9 10 | 10.7
Throwing       | 5 6 7 8 9 10 | 10.7
Polearms       | 7 8 9 10 11 | 11.6
Dodging        | 7 8 9 10 11 | 11.6

Action                   |  1- 3 |  4- 6 |  7- 9 | 10-12 | 13-15 || total
-------------------------+-------+-------+-------+-------+-------++-------
Melee: Trident           |    15 |       |       |       |       ||    15
       Spear             |   100 |   107 |   459 |  1124 |  1047 ||  2837
       Bite              |    16 |    13 |    65 |   155 |   194 ||   443
       Punch             |       |     1 |     3 |    27 |    50 ||    81
       Unarmed           |       |       |       |       |   136 ||   136
 Fire: Hunting sling     |       |       |       |       |    54 ||    54
Throw: Throwing net      |       |       |     1 |       |       ||     1
       Dart              |       |       |       |    13 |    24 ||    37
Invok: Elemental Force   |       |       |       |     2 |     1 ||     3
       Disaster Area     |       |       |       |       |     2 ||     2
Evoke: Wand              |       |       |       |       |     1 ||     1
  Use: Scroll            |     4 |       |       |     9 |    13 ||    26
       Potion            |       |       |       |     9 |    12 ||    21
 Stab: Sleeping          |     3 |       |       |       |       ||     3
  Eat: Ration            |     1 |     1 |     3 |    14 |     9 ||    28
       Chunk             |     3 |     3 |     3 |     2 |     2 ||    13
Armor: Leather armour    |     8 |       |       |       |       ||     8
       Chain mail        |    11 |    26 |   144 |   364 |   310 ||   855
       Plate armour      |       |       |       |       |   125 ||   125
Dodge: Dodged            |    46 |    36 |   178 |   410 |   454 ||  1124
       Deflected         |       |       |       |     2 |    13 ||    15
Block: Other             |       |       |    10 |   165 |   272 ||   447
